 Dungeon Crawl Stone Soup version 0.17.2-1-ge4368a0 (webtiles) character file.

83 tidbits the Insei (level 4, -1/34 HPs)
             Began as a Demigod Transmuter on Sept 25, 2017.
             Slain by an adder (3 damage)
             ... on level 3 of the Dungeon.
             The game lasted 00:07:37 (1326 turns).

tidbits the Insei (Demigod Transmuter)              Turns: 1326, Time: 00:07:38

Health: -1/34      AC:  2    Str: 18      XL:     4   Next: 2%
Magic:  0/9        EV: 20    Int: 18 (19) God:
Gold:   130        SH:  0    Dex: 21      Spells: 3 memorised, 1 level left

rFire  . . .     SeeInvis .       - Unarmed
rCold  . . .     Clarity  +     (armour currently unavailable)
rNeg   + . .     SustAt   +     (shield currently unavailable)
rPois  x         Gourm    .     (helmet currently unavailable)
rElec  .         Spirit   .     (cloak currently unavailable)
rCorr  .         Warding  .     (gloves currently unavailable)
rMut   .         Stasis   .     (boots currently unavailable)
MR     .....                    f - amulet of clarity
Stlth  ++........               (no ring)
                                g - ring of positive energy

@: mighty, lethally poisoned (-1 -> -30), spider-form (expiring), very slightly
contaminated, not resistant to hostile enchantments, unstealthy
A: high mp 1, sustain attributes
a: End Transformation


You were on level 3 of the Dungeon.
You were very hungry.
You were a venomous arachnid creature.
You visited 1 branch of the dungeon, and saw 4 of its levels.

You collected 130 gold pieces.

Inventory:

Missiles
 a - 6 arrows
 l - 12 poisoned needles
 p - 21 bolts of frost
Armour
 B - a +0 robe (melded)
 C - a +0 cloak (melded)
   (You found it on level 1 of the Dungeon)
Jewellery
 f - an amulet of clarity (around neck)
   (You found it on level 1 of the Dungeon)
 g - a ring of positive energy (left front leg)
   (You found it on level 1 of the Dungeon)
Scrolls
 e - a scroll of identify {unknown}
 i - 2 scrolls of enchant weapon {unknown}
 j - a scroll of recharging {unknown}
 k - a scroll of teleportation {unknown}
 n - a scroll of immolation {unknown}
 o - a scroll of random uselessness {unknown}
Potions
 m - a potion of agility {unknown}
 q - a potion of poison
 r - a potion of ambrosia {unknown}
 t - a potion of brilliance {unknown}
Books
 c - a book of Changes

   Spells                             Type                      Level
   a - Beastly Appendage              Transmutation                1
   b - Sticks to Snakes               Transmutation                2
   c - Spider Form                    Transmutation/Poison         3
   d - Ice Form                       Ice/Transmutation            4
   e - Blade Hands                    Transmutation                5
Comestibles
 d - 3 bread rations
 s - 2 chunks of flesh


   Skills:
 - Level 0.8 Fighting
 - Level 1.7 Dodging
 + Level 3.6 Unarmed Combat
 - Level 2.0 Spellcasting
 + Level 3.1 Transmutations


You had one spell level left.
You knew the following spells:

 Your Spells              Type           Power        Failure   Level  Hunger
e - Beastly Appendage     Trmt           ##....       17%         1    #......
k - Sticks to Snakes      Trmt           ##........   24%         2    ###....
p - Spider Form           Trmt/Pois      #.........   52%         3    ###....


Dungeon Overview and Level Annotations

Branches:
Dungeon (4/15)
 Temple: D:4-7


Innate Abilities, Weirdness & Mutations

You have an increased reservoir of magic (+10% MP).
Your attributes are resistant to harm.


Message History

Casting: Spider Form
Confirm with . or Enter, or press ? or * to list all spells.
You grow a pair of large bovine horns.
The bat completely misses you. The bat closely misses you.
You miss the bat. You headbutt the bat.
You kill the bat!
As you open the door, it creaks loudly!
Your transformation is almost over.
There is an open door here.
As you open the door, it creaks loudly!
There is an open door here.
There is an open door here.
Your horns disappear.
Unknown command.
Your magical contamination has completely faded away.
Found a pink potion.
t - a pink potion A giant cockroach comes into view.
Casting: Beastly Appendage
Confirm with . or Enter, or press ? or * to list all spells.
You miscast Spider Form.
You are very lightly contaminated with residual magic.
You feel a strange surge of energy!
Casting: Spider Form
Confirm with . or Enter, or press ? or * to list all spells.
You miscast Spider Form.
Your vision is briefly tinged with green.
The giant cockroach bites you but does no damage.
The giant cockroach barely misses you.
Casting: Spider Form
Confirm with . or Enter, or press ? or * to list all spells.
You grow a pair of large bovine horns.
The giant cockroach barely misses you.
You hit the giant cockroach.
You kill the giant cockroach!
Your transformation is almost over.
An adder comes into view.
You are feeling very hungry.
A hound comes into view.
The hound barks!
The hound stops to sniff the ground.
The hound stops to sniff the ground.
A kobold comes into view. It is wielding a short sword.
The kobold shouts!
The kobold unwields an uncursed short sword.
The kobold wields a blowgun.
The kobold shoots a poisoned needle.
The poisoned needle hits you!
You are poisoned.
You see here a poisoned needle.
You feel sick. The hound barely misses you.
You feel sick.
Your horns disappear.
You feel sick. The hound bites you.
Casting: Beastly Appendage
Confirm with . or Enter, or press ? or * to list all spells.
You turn into a venomous arachnid creature.
Your +0 cloak melds into your body.
Your +0 robe melds into your body.
You feel sick. The hound misses you. The hound completely misses you.
You hit the hound.
The hound is poisoned.
The hound is lightly wounded.
The hound bites you.
You hit the hound.
The hound looks even sicker.
The hound is heavily wounded.
You feel sick. The hound bites you.
You hit the hound.
You kill the hound!
Your Transmutations skill increases to level 3!
You have reached level 4!
Drink which item? (? for menu, Esc to quit)
It was a potion of poison.
That liquid tasted very nasty...
You are lethally poisoned!
* * * LOW HITPOINT WARNING * * *
You feel very sick. The adder misses you.
Drink which item? (? for menu, Esc to quit)
It was a potion of might.
You feel very mighty all of a sudden.
* * * LOW HITPOINT WARNING * * *
You feel very sick. The adder bites you.
* * * LOW HITPOINT WARNING * * *
The adder closely misses you.
Drink which item? (? for menu, Esc to quit)
Okay, then.
You barely miss the adder.
Your transformation is almost over.
* * * LOW HITPOINT WARNING * * *
You feel sick. The adder barely misses you.
You bite the adder!
The adder is heavily wounded.
* * * LOW HITPOINT WARNING * * *
You feel very sick. The adder closely misses you.
Drink which item? (? for menu, Esc to quit)
It was a potion of degeneration.
There was something very wrong with that liquid.
You feel somewhat dopey.
* * * LOW HITPOINT WARNING * * *
You feel sick. The adder bites you.
You die...

#...### ..#.######## #...#.#
#.#........#
#...#.###.#........#######
#...#..............+......
######...#.###(#.#......##.....
#................#......##.....
#.###....#.###K#.#......##.....
#.# #....#'###S#...............
#.# #.......##s#.#.......##.###
#.# ###........#...............
#.# #........#.###K#...##.#.#
#.#####........#.###)#......#.#
#..................<.#.........
#######........................
###...#.#.##.##.#.........
#............##...........
#...#...#.................


You could see an adder and a kobold.

Vanquished Creatures
  A hound (D:3)
  An adder (D:3)
  2 oozes
  3 orcs (D:3)
  6 bats
  3 giant cockroaches
  4 goblins
  3 hobgoblins
  2 kobolds
  2 giant newts (D:3)
  6 rats
33 creatures vanquished.

Vanquished Creatures (collateral kills)
  A goblin (D:1)
  A kobold (D:1)
  A rat (D:1)
3 creatures vanquished.

Grand Total: 36 creatures vanquished

Notes
Turn   | Place    | Note
--------------------------------------------------------------
     0 | D:1      | tidbits the Demigod Transmuter began the quest for the Orb.
     0 | D:1      | Reached XP level 1. HP: 15/15 MP: 5/5
    71 | D:1      | Reached skill level 2 in Transmutations
   199 | D:1      | Reached skill level 2 in Spellcasting
   216 | D:1      | Reached XP level 2. HP: 19/22 MP: 5/7
   220 | D:1      | Learned a level 2 spell: Sticks to Snakes
   391 | D:1      | Reached skill level 3 in Unarmed Combat
   960 | D:3      | Reached XP level 3. HP: 25/27 MP: 6/8
   965 | D:3      | Learned a level 3 spell: Spider Form
  1008 | D:2      | Found an opulent altar of Gozag.
  1177 | D:2      | Found a shadowy altar of Dithmenos.
  1321 | D:3      | Reached skill level 3 in Transmutations
  1321 | D:3      | Reached XP level 4. HP: 18/34 MP: 0/9
  1326 | D:3      | HP: 2/34 [poison (a potion of poison)]
  1326 | D:3      | Slain by an adder

Action                   |  1- 3 |  4- 6 || total
-------------------------+-------+-------++-------
Melee: Unarmed           |    94 |     2 ||    96
 Cast: Beastly Appendage |    24 |       ||    24
       Sticks to Snakes  |     6 |       ||     6
       Spider Form       |     5 |       ||     5
  Use: Potion            |       |     3 ||     3
 Stab: Sleeping          |     2 |       ||     2
       Distracted        |     1 |       ||     1
  Eat: Chunk             |     2 |       ||     2

Table legend:
 A = Turns spent in this place as a percentage of turns spent in the entire game.
 B = Non-inter-level travel turns spent in this place as a percentage of non-inter-level travel turns spent in the entire game.
 C = Inter-level travel turns spent in this place as a percentage of turns spent in this place.
 D = Turns resting spent in this place as a percentage of non-inter-level travel turns spent in this place.
 E = Turns spent auto-exploring this place as a percentage of non-inter-level travel turns spent in this place.
 F = Non-inter-level travel turns spent in this place divided by the number of levels of this place that you've seen.
                   A       B       C       D       E      F
               +-------+-------+-------+-------+-------+----------------------
         Total | 100.0 | 100.0 |   0.1 |   0.2 |   0.0 | 261.2
       Dungeon | 100.0 | 100.0 |   0.1 |   0.2 |   0.0 | 261.2
               +-------+-------+-------+-------+-------+----------------------

Table legend:
 A = Kills in this place as a percentage of kills in entire the game.
 B = Kills by you in this place as a percentage of kills by you in the entire game.
 C = Kills by friends in this place as a percentage of kills by friends in the entire game.
 D = Other kills in this place as a percentage of other kills in the entire game.
 E = Experience gained in this place as a percentage of experience gained in the entire game.
 F = Experience gained in this place divided by the number of levels of this place that you have seen.
                   A       B       C       D       E      F
               +-------+-------+-------+-------+-------+----------------------
         Total | 100.0 | 100.0 | 100.0 |  -nan | 100.0 |  29.8
       Dungeon | 100.0 | 100.0 | 100.0 |  -nan | 100.0 |  29.8
               +-------+-------+-------+-------+-------+----------------------

Vault maps used:
D:1:      mainiacjoe_arrival_reflecting_pool
D:2:      lemuel_upstairs_altar, nicolae_gozag_cash_rules_everything_around_me,
          first_bread
D:4:      nicolae_overflow_crystal_walls, hangedman_decor_growths,
          uniq_blork_the_orc
